 Dungeon Crawl Stone Soup version 0.23.2-1-ga50397a6bc (webtiles) character file.

Game seed: 15255789285557425630

2094 ibug the Slinger (level 9, -3/54 HPs)
             Began as a Halfling Hunter on Apr 30, 2019.
             Was an Initiate of Gozag.
             Slain by an orc warrior
             ... wielding a +0 mace
              (17 damage)
             ... on level 8 of the Dungeon on May 2, 2019.
             The game lasted 02:07:14 (6543 turns).

ibug the Slinger (Halfling Hunter)                  Turns: 6543, Time: 02:07:19

Health: -3/54      AC:  6    Str: 13      XL:     9   Next: 52%
Magic:  0/9        EV: 16    Int: 10      God:    Gozag
Gold:   901        SH:  0    Dex: 16 (17) Spells: 8/8 levels left

rFire    + . .     SeeInvis .   F - +1 flail (protect)
rCold    . . .     Gourm    .   (shield restricted)
rNeg     . . .     Faith    .   w - +0 ring mail
rPois    .         Spirit   +   (no helmet)
rElec    .         Reflect  .   U - scarf {Spirit}
rCorr    .         Harm     .   m - +0 pair of gloves
MR       +....                  (no boots)
Stlth    ++........             (no amulet)
HPRegen  0.18/turn              p - ring of protection from fire
MPRegen  0.11/turn              O - ring of protection from magic

@: lethally poisoned (-3 -> -7), marked
A: small, mutation resistance 1
a: Potion Petition, Call Merchant, Bribe Branch, Renounce Religion


You were on level 8 of the Dungeon.
You worshipped Gozag.
Gozag was pleased with you.
You were not hungry.

You visited 2 branches of the dungeon, and saw 9 of its levels.

You collected 945 gold pieces.
You paid 44 gold pieces to Gozag.

Inventory:

Hand Weapons
 a - a +1 hunting sling
 b - a +0 short sword
 e - a +0 short sword
 l - a +0 hunting sling
 r - a +0 short sword
 t - a +0 whip
 D - a +0 short sword
 E - a +0 great sword
 F - a +1 flail of protection (weapon)
 Q - a +1 dagger of venom
Missiles
 f - a throwing net
 g - 134 stones (quivered)
 h - 2 needles of frenzy
 u - 24 poisoned needles
 A - 67 bolts
 K - 4 large rocks
 T - 12 arrows
Armour
 c - a +0 leather armour
 m - a +0 pair of gloves (worn)
 v - a +0 chain mail
 w - a +0 ring mail (worn)
 y - a +0 scale mail
 G - a +0 scale mail
 P - the +2 pair of gloves of Wariness {rPois rN+ Regen+ Slay+2, unknown}
   (You found it on level 6 of the Dungeon)

   It affects your accuracy and damage with ranged weapons and melee attacks
   (+2).
   It protects you from poison.
   It protects you from negative energy.
   It increases your rate of regeneration.
 U - a scarf of spirit shield (worn)
 V - a +0 scale mail
Jewellery
 o - an uncursed ring of wizardry {unknown}
 p - a ring of protection from fire (left hand)
 I - a cursed ring of teleportation {unknown}
 O - a ring of protection from magic (right hand)
Wands
 d - a wand of polymorph (4)
 B - a wand of iceblast (13)
Scrolls
 i - a scroll of blinking {unknown}
 k - 3 scrolls of remove curse
 x - a scroll of random uselessness
 C - a scroll of magic mapping
 H - 3 scrolls of amnesia {unknown}
 L - a scroll of enchant armour {unknown}
 S - a scroll of identify
Potions
 j - a potion of magic {unknown}
 q - 3 potions of resistance {unknown}
 s - a potion of mutation {unknown}
 z - a potion of heal wounds
 M - 3 potions of curing {unknown}
 N - a potion of flight {unknown}
 R - a potion of brilliance {unknown}
Comestibles
 J - 4 rations


   Skills:
 - Level 1.7 Fighting
 * Level 5.5 Maces & Flails
 + Level 12.4 Slings
 * Level 6.1 Dodging
 + Level 3.8 Stealth
 + Level 0.5 Evocations


You had 8 spell levels left.
You didn't know any spells.
Your spell library contained the following spells:

 Spells                   Type           Power        Failure   Level  Hunger
 Beastly Appendage        Tmut           #.....       63%         1    ##.....
 Sticks to Snakes         Tmut           #.......     77%         2    ###....
 Spider Form              Tmut/Pois      #.........   94%         3    ####...
 Ice Form                 Ice/Tmut       #.......     100%        4    #####..
 Blade Hands              Tmut           #.........   100%        5    ######.


Dungeon Overview and Level Annotations

Branches:
Dungeon (8/15)             Temple (1/1) D:7
   Lair: D:8-11

Altars:
Ashenzari
Cheibriados
Dithmenos
Elyvilon
Fedhas
Gozag
Hepliaklqana
Kikubaaqudgha
Makhleb
Nemelex Xobeh
Okawaru
Qazlal
Ru
Sif Muna
Trog
Uskayaw
Vehumet
Wu Jian
Xom
Yredelemnul
The Shining One

Annotations:
D:2 2 transporters, Menkaure
D:8 Psyche


Innate Abilities, Weirdness & Mutations

You are small and have problems with some larger weapons.
You are somewhat resistant to further mutation.


Message History

You closely miss Psyche. The hound barely misses you.
The orc hits you but does no damage.
The orc warrior hits you with a +0 mace!
Psyche hits you but does no damage.
You are poisoned.
The orc wizard completely misses you. The hound barely misses you.
A centaur comes into view.
You feel much better.
You feel sick. Psyche gestures at you while chanting. The magic dart hits you.
The orc misses you. The hound bites you but does no damage.
The orc warrior hits you with a +0 mace!
The orc wizard misses you.
You closely miss Psyche.
You feel sick. Psyche closely misses you. The hound barely misses you.
The orc hits you with a +0 hand axe.
* * * LOW HITPOINT WARNING * * *
A shadow imp comes into view.
The orc warrior hits you with a +0 mace!
You die...
Your body crumbles into a pile of gold.

# ####.....#
#...#........## ##.
#..##........ ####..
##...###.#### $
5####....#####......#
..%...........##..##
.H..a..#.........####
###.#.#@.#########.....#
.....oo@o### ##.....#
#....ch#ooY######.......
$
####....##......#.......
....##....###..........
..### ###..>...###......
. ###...## ##.....
#.[..# ..... #.##..
..... .. #... .....


You could see a hippogriff, Psyche, an orc warrior, an ice beast, a centaur, a
hound, a worker ant, an orc wizard, a shadow imp and 3 orcs.

Vanquished Creatures
  2 hippogriffs (D:7)
  A hungry ghost (D:7)
  Duvessa (D:5)
  A phantom (D:5)
  2 ogres
  A gnoll sergeant (D:7)
  Dowan (D:5)
  5 scorpions
  A howler monkey (D:5)
  A centaur zombie (D:8)
  A quasit (D:8)
  3 hounds
  A jelly (D:5)
  2 orc priests (D:4)
  5 iguanas
  Ijyb (D:4)
  3 orc wizards
  Terence (D:2)
  4 worker ants
  2 hound zombies
  A hound skeleton (D:4)
  A worker ant zombie (D:7)
  10 adders
  4 gnolls (D:7)
  2 oozes
  An adder skeleton (D:5)
  2 worms (D:2)
  A dart slug (D:2)
  4 leopard geckos
  15 orcs
  A ball python (D:2)
  8 giant cockroaches
  4 goblins
  3 hobgoblins
  5 jackals (D:5)
  4 kobolds
  3 quokkas
  4 bats
  2 frilled lizards (D:2)
  A jackal skeleton (D:4)
  6 rats
121 creatures vanquished.

Notes
Turn   | Place    | Note
-------+----------+-------------------------------------------
     0 | D:1      | ibug the Halfling Hunter began the quest for the Orb.
     0 | D:1      | Reached XP level 1. HP: 14/14 MP: 1/1
   178 | D:1      | Reached skill level 6 in Slings
   663 | D:2      | Found a transporter.
   682 | D:2      | Found a transporter.
   682 | D:2      | Found a basalt altar of Yredelemnul.
   686 | D:2      | Noticed Menkaure
   693 | D:2      | Found an ancient bone altar of Kikubaaqudgha.
   745 | D:2      | Reached XP level 2. HP: 19/19 MP: 2/2
   844 | D:2      | Found a hazy altar of Hepliaklqana.
   844 | D:2      | Found an opulent altar of Gozag.
   844 | D:2      | Found a white marble altar of Elyvilon.
   878 | D:2      | Became a worshipper of Gozag Ym Sagoz the Greedy
  1098 | D:2      | Reached XP level 3. HP: 24/24 MP: 3/3
  1212 | D:2      | Reached skill level 7 in Slings
  1325 | D:2      | Reached XP level 4. HP: 22/29 MP: 4/4
  1386 | D:2      | Noticed Terence
  1410 | D:2      | Killed Terence
  1477 | D:2      | Reached skill level 8 in Slings
  1477 | D:2      | Reached XP level 5. HP: 12/34 MP: 5/5
  2238 | D:3      | Reached XP level 6. HP: 38/39 MP: 6/6
  2432 | D:4      | Reached skill level 9 in Slings
  2598 | D:4      | Reached XP level 7. HP: 44/44 MP: 7/7
  2857 | D:4      | Reached skill level 10 in Slings
  3028 | D:4      | Noticed Ijyb
  3052 | D:4      | Killed Ijyb
  3258 | D:4      | Reached skill level 11 in Slings
  3276 | D:4      | Reached XP level 8. HP: 48/49 MP: 8/8
  3294 | D:5      | Entered Level 5 of the Dungeon
  3374 | D:5      | Reached skill level 1 in Maces & Flails
  3607 | D:5      | Noticed Duvessa
  3608 | D:5      | Noticed Dowan
  3628 | D:5      | Killed Duvessa
  3633 | D:5      | Killed Dowan
  4667 | D:6      | Got a pair of warped gloves
  4964 | D:6      | Reached skill level 5 in Dodging
  5377 | D:7      | Found a staircase to the Ecumenical Temple.
  5446 | Temple   | Entered the Ecumenical Temple
  5606 | D:7      | Noticed a hippogriff
  5616 | D:7      | Killed a hippogriff
  5616 | D:7      | Reached XP level 9. HP: 34/54 MP: 9/9
  5855 | D:7      | Reached skill level 12 in Slings
  5904 | D:7      | Noticed a hippogriff
  5917 | D:7      | Killed a hippogriff
  5917 | D:7      | Reached skill level 5 in Maces & Flails
  6534 | D:8      | Noticed Psyche
  6539 | D:8      | Noticed a hippogriff
  6543 | D:8      | Slain by an orc warrior

Skill      XL: |  1  2  3  4  5  6  7  8  9 |
---------------+----------------------------+-----
Slings         | 6 7 8 9 11 12 | 12.4
Stealth        | 2 3 |  3.8
Dodging        | 3 4 5 6 |  6.1
Maces & Flails | 4 5 |  5.5
Fighting       | |  1.7
Evocations     | |  0.5

Action                   |  1- 3 |  4- 6 |  7- 9 || total
-------------------------+-------+-------+-------++-------
Melee: Flail             |       |       |   222 ||   222
 Fire: Hunting sling     |    78 |   177 |   229 ||   484
Throw: Stone             |       |       |    19 ||    19
Invok: Potion Petition   |     1 |       |       ||     1
Evoke: Wand              |       |       |     8 ||     8
  Use: Scroll            |     1 |     2 |     5 ||     8
       Potion            |       |       |     3 ||     3
 Stab: Distracted        |       |       |     2 ||     2
       Sleeping          |       |       |     1 ||     1
  Eat: Ration            |       |     2 |     4 ||     6
Armor: Leather armour    |    12 |       |       ||    12
       Ring mail         |       |    18 |   152 ||   170
Dodge: Dodged            |    47 |    48 |   306 ||   401
